 Dungeon Crawl Stone Soup version 0.28.0-47-ge53b351184 (webtiles) character file.

Game seed: 17114264637053971966

5063 warriortoast the Carver (level 10, -1/93 HPs)
             Began as a Minotaur Fighter on May 10, 2022.
             Was a Priest of Okawaru.
             Slain by a slime creature (14 damage)
             ... on level 8 of the Dungeon.
             The game lasted 00:19:39 (7982 turns).

warriortoast the Carver (Minotaur Fighter)          Turns: 7982, Time: 00:19:39

Health: -1/93      AC: 14    Str: 26    XL:     10   Next: 31%
Magic:  7/9        EV: 12    Int:  5    God:    Okawaru [***...]
Gold:   469        SH: 11    Dex: 13    Spells: 9/9 levels left

rFire   + . .      SeeInvis .   j - +7 falchion "Geahug" {freeze, Str+4}
rCold   . . .      Faith    .   H - +0 kite shield
rNeg    . . .      Spirit   .   o - +2 scale mail {rF+}
rPois   .          Reflect  .   (helmet restricted)
rElec   .          Harm     .   (no cloak)
rCorr   +          Rampage  .   B - +0 pair of gloves
Will    +....                   l - +0 pair of boots
Stlth   +.........              (no amulet)
HPRegen 0.25/turn               y - ring of willpower
MPRegen 0.11/turn               G - ring of resist corrosion

@: mighty, heroic
A: horns 2, retaliatory headbutt
a: Renounce Religion, Heroism


You were on level 8 of the Dungeon.
You worshipped Okawaru.
Okawaru was most pleased with you.
You visited 2 branches of the dungeon, and saw 9 of its levels.
You also visited: Sewer and Ossuary.

You collected 469 gold pieces.

Inventory:

Hand Weapons
 j - the +7 falchion "Geahug" (weapon) {freeze, Str+4}
   (You found it on level 2 of the Dungeon)

   It freezes those it strikes, dealing additional cold damage.
   It can also slow down cold-blooded creatures.
   Str:       It affects your strength (+4).
Missiles
 b - 2 throwing nets
 f - 5 boomerangs (quivered)
Armour
 l - a +0 pair of boots (worn)
 o - a +2 scale mail of fire resistance (worn)
 B - a +0 pair of gloves (worn)
 C - an orb of guile
 H - a +0 kite shield (worn)
Jewellery
 a - an amulet of magic regeneration
 y - a ring of willpower (left hand)
 G - a ring of resist corrosion (right hand)
Wands
 h - a wand of charming (4)
 t - a wand of iceblast (4)
 E - a wand of paralysis (8)
Scrolls
 e - 6 scrolls of teleportation
 i - 2 scrolls of summoning
 s - a scroll of acquirement {unknown}
 u - 4 scrolls of magic mapping {unknown}
 v - 3 scrolls of fog {unknown}
 z - 2 scrolls of fear
 D - a scroll of enchant weapon {unknown}
Potions
 g - a potion of mutation {unknown}
 k - 2 potions of heal wounds {unknown}
 m - 3 potions of curing
 n - 3 potions of cancellation
 p - 5 potions of magic
 q - 3 potions of resistance
 r - 2 potions of haste {unknown}
 w - a potion of invisibility {unknown}
 x - a potion of attraction {unknown}
 A - 2 potions of flight {unknown}


   Skills:
 - Level 9.8(14.8) Fighting
 - Level 12.4(17.4) Long Blades
 - Level 4.1(9.1) Axes
 + Level 8.3(13.3) Armour
 + Level 3.6(8.6) Dodging
 + Level 4.5(9.5) Shields


You had 9 spell levels left.
You didn't know any spells.
Your spell library contained the following spells:

 Spells                   Type           Power      Damage    Failure   Level
 Foxfire                  Conj/Fire      0%         2x1d4     92%         1
 Dazzling Flash           Conj/Hex       0%         N/A       100%        3
 Iskenderun's Mystic Bla  Conj/Tloc      0%         2d3       100%        4
 Freezing Cloud           Conj/Ice/Air   0%         6-21      100%        5
 Starburst                Conj/Fire      0%         6d3       100%        6
 Chain Lightning          Conj/Air       0%         N/A       100%        9
 Summon Ice Beast         Ice/Summ       Unusable   N/A       N/A         4
 Summon Mana Viper        Hex/Summ       Unusable   N/A       N/A         5
 Monstrous Menagerie      Summ           Unusable   N/A       N/A         7

Dungeon Overview and Level Annotations

Branches:
Dungeon (8/15)             Temple (1/1) D:5           Sewer (visited)
Ossuary (visited)
   Lair: D:8-11

Altars:
Ashenzari
Cheibriados
Dithmenos
Elyvilon
Gozag
Makhleb
Okawaru
Sif Muna
Trog
Uskayaw
Wu Jian
Xom
Yredelemnul
Zin
The Shining One


Innate Abilities, Weirdness & Mutations

You have a pair of horns on your head.
You reflexively headbutt those who attack you in melee.


Message History

The slime creature closely misses you.
You slash the slime creature! You freeze the slime creature.
The slime creature is heavily wounded.
You feel like a meek peon again. The slime creature hits you.
The slime creature quivers.
You hit the slime creature. You freeze the slime creature.
The slime creature is heavily wounded.
You completely miss the slime creature.
The slime creature is heavily wounded.
The slime creature hits you but does no damage.
You completely miss the slime creature.
The slime creature is heavily wounded.
The slime creature misses you.
You slash the slime creature! You freeze the slime creature.
The slime creature is almost dead.
The slime creature hits you.
You barely miss the slime creature. You headbutt the slime creature!
The slime creature is almost dead.
The slime creature hits you!
* * * LOW HITPOINT WARNING * * *
You hit the slime creature. You freeze the slime creature.
The slime creature is almost dead.
The slime creature barely misses you. You furiously retaliate!
You headbutt the slime creature.
You kill the slime creature!
Okawaru accepts your kill.
The slime creature hits you but does no damage.
The slime creature hits you.
* * * LOW HITPOINT WARNING * * *
The slime creature hits you but does no damage.
You gain the combat prowess of a mighty hero.
The slime creature hits you!
* * * LOW HITPOINT WARNING * * *
You feel very mighty all of a sudden. You block the slime creature's attack.
You slice the slime creature!! You freeze the slime creature.
The slime creature is heavily wounded.
The slime creature hits you!
You die...

.............#
###.#######[.#### ..#.#
##.# ###...# #.##
†.'...# #..# ###...#
##(## ....#.# #..#
...##.# ##.# #..##.#
..####@# ...##.#
...#..J.##
#..##.##....#.....#
#.................#
......########+##.##.#..
.....).........J......#
#...#.########J###.#..#
#...#<...)# # .# .#
#.#.#......# .# ..


You could see a slime creature.

Vanquished Creatures
  A two-headed ogre (D:6)
  2 hornets
  Grinder (D:5)
  3 slime creatures (D:8)
  5 yaks (D:8)
  A steam dragon (D:8)
  An acid dragon (D:8)
  Duvessa (D:4)
  A black bear (D:5)
  2 ice beasts
  An orc warrior (D:8)
  2 necrophages
  2 centaurs
  A phantom (D:5)
  4 kobold brigands (Sewer)
  2 bullfrogs
  A gnoll sergeant (D:8)
  A wyvern skeleton (D:6)
  Dowan (D:4)
  A howler monkey (D:4)
  A crimson imp (D:3)
  6 centaur zombies
  A hound (D:7)
  4 orc priests
  A gnoll shaman (D:6)
  Ijyb (D:5)
  3 orc wizards
  A killer bee zombie (D:5)
  5 mummies (Ossuary)
  4 adders
  13 gnolls
  3 white imps
  An ufetubus (D:6)
  An adder skeleton (D:4)
  6 worms
  4 dart slugs
  15 orcs
  6 ball pythons
  6 endoplasms
  4 giant cockroaches
  4 hobgoblins
  9 jackals
  14 kobolds
  2 quokkas
  7 bats
  4 frilled lizards
  5 goblins
  A goblin zombie (D:6)
  5 hobgoblin zombies (Ossuary)
  8 rats
  A rat zombie (D:6)
180 creatures vanquished.

Notes
Turn   | Place    | Note
-------+----------+-------------------------------------------
     0 | D:1      | warriortoast the Minotaur Fighter began the quest for the
                  | Orb.
     0 | D:1      | Reached XP level 1. HP: 19/19 MP: 0/0
    55 | D:1      | Found a faded altar of an unknown god.
   162 | D:1      | Reached XP level 2. HP: 27/27 MP: 1/1
   584 | D:1      | Reached XP level 3. HP: 32/34 MP: 2/2
   680 | D:1      | Found an opulent altar of Gozag.
  1239 | D:2      | Reached XP level 4. HP: 37/41 MP: 3/3
  1299 | D:2      | Identified the +7 falchion "Geahug" {freeze, Str+4}
  1686 | D:3      | Reached skill level 5 in Fighting
  1713 | D:3      | Noticed a centaur
  1723 | D:3      | Killed a centaur
  1724 | D:3      | Reached skill level 1 in Long Blades
  1724 | D:3      | Reached XP level 5. HP: 20/50 MP: 4/4
  2314 | D:3      | Found a shimmering altar of Xom.
  2318 | D:3      | Reached skill level 2 in Long Blades
  2624 | D:4      | Noticed Duvessa
  2630 | D:4      | Noticed Dowan
  2639 | D:4      | Killed Duvessa
  2640 | D:4      | Reached skill level 3 in Long Blades
  2640 | D:4      | Reached XP level 6. HP: 40/58 MP: 5/5
  2642 | D:4      | Killed Dowan
  2643 | D:4      | Reached skill level 4 in Long Blades
  3063 | D:4      | Reached skill level 5 in Long Blades
  3265 | D:5      | Entered Level 5 of the Dungeon
  3482 | D:5      | Noticed Grinder
  3492 | D:5      | Reached XP level 7. HP: 51/64 MP: 6/6
  3495 | D:5      | Reached skill level 6 in Long Blades
  3499 | D:5      | Killed Grinder
  3500 | D:5      | Reached skill level 7 in Long Blades
  3563 | D:5      | Noticed Ijyb
  3572 | D:5      | Killed Ijyb
  3573 | D:5      | Found a glowing drain.
  3591 | Sewer    | Entered a sewer
  3705 | Sewer    | Reached skill level 8 in Long Blades
  3705 | Sewer    | Reached XP level 8. HP: 36/74 MP: 7/7
  4245 | D:5      | Reached skill level 9 in Long Blades
  4339 | D:5      | Found a staircase to the Ecumenical Temple.
  4346 | Temple   | Entered the Ecumenical Temple
  4387 | Temple   | Became a worshipper of Warmaster Okawaru
  4885 | D:6      | Reached skill level 10 in Long Blades
  4981 | D:6      | Noticed a two-headed ogre
  4982 | D:6      | Found a sand-covered staircase.
  4988 | D:6      | Killed a two-headed ogre
  4988 | D:6      | Reached * piety under Okawaru
  4989 | D:6      | Reached skill level 11 in Long Blades
  4989 | D:6      | Reached XP level 9. HP: 54/83 MP: 8/8
  5039 | Ossuary  | Entered an ossuary
  5594 | D:6      | Got the Reference Book on Arcane Weapons and Cold
  6181 | D:7      | Found a shimmering blue altar of Sif Muna.
  6225 | D:7      | Reached skill level 12 in Long Blades
  6267 | D:7      | Found a shadowy altar of Dithmenos.
  6335 | D:7      | Reached ** piety under Okawaru
  7262 | D:8      | Found an opulent altar of Gozag.
  7269 | D:8      | Reached skill level 1 in Dodging
  7379 | D:8      | Reached skill level 5 in Armour
  7405 | D:8      | Reached *** piety under Okawaru
  7406 | D:8      | Reached XP level 10. HP: 64/93 MP: 9/9
  7728 | D:8      | Paralysed by a hornet for 3 turns
  7982 | D:8      | Slain by a slime creature

Illustrated notes

Levels and vault maps discovered:
D:1:      dpeg_arrival_lava_altar, layout_loops_ring,
          chequers_ecumenical_altar_simple
D:2:      layout_basic, minmay_tromino_i4
D:3:      layout_basic, led_xom_imps
D:4:      layout_basic, kennysheep_boxes, uniq_duvessa
D:5:      layout_basic, temple_green, cheibrodos_sewer_entry_bend, uniq_grinder,
          uniq_ijyb
D:6:      layout_rooms, serial_rivers, chequers_serial_rivers_small_b,
          chequers_serial_rivers_micro_c, chequers_serial_rivers_small_b,
          chequers_serial_rivers_marsh, enter_ossuary_4
D:7:      layout_basic, amcnicky_altar_gilded, tgw_sif, corexii_corridor_pit,
          minmay_misc_feat_encased, minmay_misc_feat_doors
D:8:      layout_basic, mainiacjoe_overflow_surrounded_room, uniq_pikel,
          uniq_joseph
Temple:   nicolae_temple_elliptical

Skill      XL: |  1  2  3  4  5  6  7  8  9 10 |
---------------+-------------------------------+-----
Fighting       | 4 5 6 7 9 |  9.8
Axes           | 3 4 |  4.1
Long Blades    | 1 3 5 8 11 12 | 12.4
Armour         | 6 8 |  8.3
Dodging        | 2 3 |  3.6
Shields        | 4 |  4.5

Action                   |  1- 3 |  4- 6 |  7- 9 | 10-12 || total
-------------------------+-------+-------+-------+-------++-------
Melee: War axe           |    66 |       |       |       ||    66
       Headbutt          |     8 |    12 |    47 |    10 ||    77
       Falchion          |       |    75 |   230 |    50 ||   355
Throw: Throwing net      |       |     1 |       |       ||     1
       Boomerang         |       |       |     3 |     1 ||     4
Invok: Heroism           |       |       |     1 |     2 ||     3
  Use: Scroll            |       |     5 |     3 |     1 ||     9
       Potion            |       |       |     2 |     1 ||     3
Armor: Scale mail        |    27 |    34 |   103 |    13 ||   177
Dodge: Dodged            |    29 |    33 |    77 |    12 ||   151
Block: Buckler           |    13 |    19 |    32 |     1 ||    65
       Kite shield       |       |       |       |    10 ||    10
